Map: King Sejong Station LE

Players

Fropez - Winner!

  • Race: Protoss Protoss
  • League: Silver
  • Spawn Location: 5:00

AntKillsKids

  • Race: Protoss Protoss
  • League: Silver
  • Spawn Location: 11:00

VOD

Have the link to the VOD?

Description

Time

  • Played on: July 9, 2016, 2:49 p.m.
  • Length: 7:08
Show
View Real Time Build Order
Export as new Build Order

Fropez Protoss - Winner!

Build Orders:  

Get SALT Encoding   

  12  0:01  Probe (Chrono Boost)  
  13  0:15  Pylon  
  13  0:19  Probe (Chrono Boost)  
  14  0:29  Probe (Chrono Boost)  
  15  0:40  Probe (Chrono Boost)  
  16  0:46  Gateway  
  16  0:53  Gateway  
  16  0:55  Probe (Chrono Boost)  
  17  1:03  Pylon  
  17  1:06  Probe (Chrono Boost)  
  18  1:12  Assimilator  
  18  1:17  Probe (Chrono Boost)  
  19  1:24  Pylon  
  19  1:32  Gateway  
  19  1:37  Probe (Chrono Boost)  
  20  1:43  Cybernetics Core  
  20  1:48  Probe (Chrono Boost)  
  20  1:52  Assimilator  
  21  2:19  Probe (Chrono Boost)  
  21  2:22  Warp Gate (Chrono Boost)  
  22  2:26  Adept  
  22  2:27  Adept  
  26  2:31  Adept  
  28  2:42  Probe (Chrono Boost)  
  29  2:54  Adept  
  29  2:55  Adept  
  33  3:00  Mothership Core (Chrono Boost)  
  33  3:03  Pylon  
  35  3:18  Gateway  
  35  3:23  Pylon  
  35  3:26  Probe  
  36  3:30  Adept x2  
  36  3:32  Adept  
  42  3:38  Probe  
  40  3:50  Probe  
  38  4:18  Probe  
  39  4:32  Forge, Probe  
  40  4:40  Adept  
  36  5:29  Pylon  
  36  5:38  Stalker x2  
  36  5:39  Stalker x2  
  44  5:50  Pylon  
  44  5:54  Probe  
  44  5:56  Pylon  
  45  6:03  Stalker  
  47  6:05  Stalker  
Show
View Real Time Build Order
Export as new Build Order

AntKillsKids Protoss 

Build Orders: Oracle Opening 

Get SALT Encoding   

  12  0:02  Probe (Chrono Boost)  
  13  0:12  Probe (Chrono Boost)  
  14  0:29  Pylon  
  14  0:31  Probe (Chrono Boost)  
  15  0:47  Probe (Chrono Boost)  
  16  0:51  Gateway  
  16  1:04  Pylon  
  16  1:06  Probe (Chrono Boost)  
  17  1:14  Assimilator  
  17  1:17  Probe (Chrono Boost)  
  18  1:27  Probe (Chrono Boost)  
  19  1:33  Assimilator  
  19  1:42  Cybernetics Core  
  19  1:44  Probe (Chrono Boost)  
  20  1:55  Probe (Chrono Boost)  
  21  2:06  Probe (Chrono Boost)  
  22  2:17  Pylon  
  22  2:23  Stargate  
  22  2:26  Probe (Chrono Boost)  
  23  2:36  Probe (Chrono Boost)  
  24  2:37  Nexus  
  24  2:47  Stalker  
  26  2:57  Pylon, Probe (Chrono Boost)  
  27  3:06  Oracle (Chrono Boost)  
  30  3:13  Probe  
  30  3:16  Warp Gate (Chrono Boost)  
  30  3:19  Zealot  
  33  3:25  Probe  
  34  3:38  Oracle (Chrono Boost)  
  37  3:45  Pylon  
  37  3:47  Pylon  
  37  4:10  Stalker (Chrono Boost)  
  37  4:15  Gateway  
  37  4:16  Probe  
  39  4:17  Probe, Gateway  
  39  4:20  Gateway  
  41  4:29  Probe  
  42  4:44  Pylon  
  42  4:46  Pylon  
  42  4:54  Gateway  
  42  4:55  Gateway  
  35  5:37  Stalker x3  
  35  5:41  Probe  
  42  5:42  Probe  
  43  5:59  Pylon  
  43  6:00  Pylon  
  43  6:14  Stalker x2  
  43  6:15  Stalker  
  35  6:40  Zealot x3  
Tags
 
Add a new tag
Caveats
  • Supply blocks, unpowered buildings, or Contaminate may cause inaccurate times.
  • Supply counts are checked every 10 seconds.